AoeStats
← Tetragamenon11

Arabia

510159133Analyzed
1v1 RM · 4d ago on Sep 29, 2026· 37m 24s· 2 players
Game mode
Random Map
Map size
Tiny (2 player)
Population
200
Speed
Normal
Resources
Standard
Victory
Conquest
Starting age
Dark Age
Ending age
Imperial Age
RankedLock teamsTeams togetherTeam positionsShared explorationLock speedFull tech treeHidden civsTurbo modeCheats
Victory
Defeat
🇹🇷 Maya · Türkiye
1287
+18
🇵🇪 Inca · Peru
1334
-18
GLX_Mirach_61
0:28 Loom
10:39 Feudal Age
11:03 Man-at-Arms
12:05 Double-Bit Axe
21:10 Castle Age
19:26 Fletching
21:14 Elite Skirmisher
22:09 Bodkin Arrow
23:11 Forging
23:14 Arson
24:52 Padded Archer Armor
25:59 Crossbowman
28:19 Leather Archer Armor
29:40 Thumb Ring
37:05 Imperial Age
34:58 Ballistics
37:55 Bracer
Tetragamenon11
6:21 Loom
10:12 Feudal Age
10:20 Champi Runner
16:11 Double-Bit Axe
18:46 Fletching
20:03 Padded Archer Armor
26:38 Castle Age
26:42 Crossbowman
28:10 Bodkin Arrow
29:09 Leather Archer Armor
33:38 Thumb Ring
Connection lost

Rejoining the realm…

Still unreachable

The connection could not be restored.

Session expired

The server has moved on; the page needs a fresh start.